Map: Ephemeron LE

Players

InZaNe

  • Race: Terran Terran
  • Spawn Location: 11:00

Dear - Winner!

  • Race: Protoss Protoss
  • Spawn Location: 5:00

Event: IEM Katowice 2020

VOD

Have the link to the VOD?

Description

Time

  • Played on: Feb. 25, 2020, 9:13 a.m.
  • Length: 10:10

All games in this series

Show
View Real Time Build Order
Export as new Build Order

InZaNe Terran 

Build Orders: Reaper Expand, Banshee Rush 

Get SALT Encoding   

  12  0:00  SCV  
  13  0:12  SCV  
  14  0:17  Supply Depot  
  14  0:24  SCV  
  15  0:38  SCV  
  15  0:39  Barracks  
  16  0:43  Refinery  
  16  0:50  SCV  
  17  1:02  SCV  
  18  1:14  SCV  
  19  1:28  Reaper  
  19  1:29  Orbital Command  
  20  1:42  Command Center  
  20  1:49  Supply Depot  
  20  1:55  SCV  
  20  2:00  Barracks Reactor  
  21  2:07  SCV  
  22  2:16  Refinery  
  22  2:20  SCV, Factory  
  23  2:32  SCV  
  24  2:37  Marine x2  
  24  2:44  SCV  
  26  2:55  Marine x2  
  26  2:56  SCV  
  29  3:05  Widow Mine  
  29  3:06  Starport  
  29  3:08  SCV  
  29  3:11  Orbital Command  
  29  3:13  Marine x2  
  30  3:20  SCV  
  31  3:28  Factory Tech Lab  
  31  3:31  Marine x2  
  33  3:37  SCV x2  
  35  3:48  Marine  
  35  3:49  SCV x2  
  35  3:53  Cloaking Field, Supply Depot  
  35  3:54  Banshee, Factory Tech Lab  
  40  4:01  SCV x2  
  42  4:06  Marine  
  42  4:09  Marine  
  44  4:12  Supply Depot  
  44  4:13  SCV  
  44  4:15  Siege Tank  
  48  4:18  SCV  
  49  4:25  Marine, SCV  
  49  4:27  Marine  
  49  4:29  Supply Depot  
  49  4:30  SCV  
  53  4:35  Supply Depot  
  53  4:38  SCV, Banshee  
  54  4:42  SCV  
  58  4:47  Marine, Siege Tank  
  58  4:51  SCV  
  63  4:54  SCV  
  64  5:00  Supply Depot  
  64  5:01  Marine  
  64  5:03  SCV  
  64  5:06  SCV  
  67  5:09  Marine  
  68  5:15  SCV  
  68  5:18  SCV  
  68  5:19  Siege Tank  
  68  5:20  Marine  
  74  5:24  Command Center  
  74  5:27  SCV  
  75  5:30  SCV  
  76  5:36  Marine  
  76  5:40  Refinery x2  
  76  5:42  Barracks  
  77  5:43  SCV x2  
  77  5:47  Barracks  
  75  5:53  Marine  
  75  5:54  Siege Tank  
  75  5:55  SCV  
  75  5:56  SCV  
  81  6:03  Marine  
  82  6:04  Starport Reactor  
  82  6:08  SCV x2  
  82  6:11  Marine  
  85  6:16  Engineering Bay x2  
  85  6:20  SCV  
  85  6:22  Bunker x2  
  86  6:27  SCV  
  86  6:28  Marine  
  86  6:32  SCV  
  80  6:38  Marine  
  80  6:39  SCV, Marine, Stimpack  
  70  6:41  Orbital Command  
  70  6:43  Barracks  
  70  6:44  SCV  
  70  6:46  Factory Reactor  
  71  6:48  Combat Shield  
  71  6:52  Barracks  
  71  6:54  Marauder  
  71  6:56  Marine x2  
  71  6:57  Marine  
  76  7:04  Orbital Command  
  76  7:05  Terran Infantry Weapons Level 1  
  76  7:06  Terran Infantry Armor Level 1  
  76  7:07  Medivac  
  78  7:11  Medivac  
  80  7:17  Marine x2, Marauder x2  
  86  7:24  Supply Depot  
  86  7:25  Widow Mine x2  
  86  7:27  SCV  
  86  7:28  SCV  
  93  7:30  SCV  
  93  7:38  Supply Depot  
  93  7:40  SCV x2, Barracks Reactor, Barracks Tech Lab  
  93  7:42  SCV  
  96  7:48  Marauder x2  
  96  7:50  Marine x2  
  100  7:52  SCV x2  
  100  7:54  SCV  
  98  8:02  Marauder  
  98  8:04  SCV x2  
  102  8:06  SCV, Supply Depot, Widow Mine x2  
  102  8:07  Supply Depot  
  102  8:09  Marauder  
  102  8:10  Concussive Shells  
  109  8:16  SCV x2  
  109  8:18  Marine  
  109  8:19  Marine x2, Marauder  
  117  8:25  Ghost Academy  
  117  8:27  SCV, Refinery  
  117  8:29  SCV x2, Refinery  
  117  8:32  Widow Mine  
  117  8:34  Widow Mine  
  123  8:38  Medivac x2  
  123  8:39  SCV  
  123  8:40  Marauder  
  130  8:41  SCV  
  130  8:46  SCV  
  130  8:47  Marauder  
  134  8:49  Marauder  
  134  8:51  SCV  
  137  8:58  Widow Mine  
  137  8:59  Widow Mine, Armory  
  138  9:05  Marine x3  
  141  9:12  Supply Depot  
  141  9:13  Ghost x2  
  141  9:14  Supply Depot  
  141  9:15  Supply Depot  
  145  9:20  Marauder  
  140  9:29  Marine x2  
  125  9:34  Widow Mine x2  
  124  9:41  Marine x2  
  124  9:42  Marauder x3  
  114  9:47  Marine x2  
Show
View Real Time Build Order
Export as new Build Order

Dear Protoss - Winner!

Build Orders: 1 Gate Expand, Blink Stalkers 

Get SALT Encoding   

  12  0:00  Probe  
  13  0:12  Probe  
  14  0:17  Pylon  
  14  0:24  Probe  
  15  0:35  Gateway  
  15  0:37  Probe (Chrono Boost)  
  16  0:47  Probe (Chrono Boost), Assimilator  
  17  0:52  Probe (Chrono Boost)  
  18  1:04  Probe  
  19  1:16  Probe  
  20  1:22  Cybernetics Core  
  20  1:35  Nexus  
  20  1:42  Pylon  
  20  1:45  Probe  
  21  1:51  Assimilator  
  21  1:57  Probe, Adept (Chrono Boost)  
  24  2:03  Warp Gate  
  24  2:09  Probe  
  24  2:17  Stalker (Chrono Boost)  
  24  2:21  Probe  
  27  2:33  Probe  
  28  2:38  Twilight Council  
  27  2:47  Stalker  
  27  2:49  Probe x2 (Chrono Boost)  
  31  2:59  Probe (Chrono Boost)  
  31  3:01  Probe (Chrono Boost)  
  31  3:04  Probe (Chrono Boost)  
  31  3:10  Probe (Chrono Boost)  
  33  3:16  Probe (Chrono Boost), Blink (Chrono Boost)  
  36  3:27  Probe (Chrono Boost)  
  36  3:28  Probe (Chrono Boost)  
  36  3:32  Probe (Chrono Boost)  
  38  3:34  Probe (Chrono Boost)  
  38  3:36  Gateway  
  38  3:42  Probe  
  38  3:46  Probe, Robotics Facility  
  40  3:54  Probe  
  41  3:58  Probe  
  41  3:59  Sentry  
  41  4:00  Pylon  
  44  4:06  Probe  
  44  4:09  Assimilator  
  45  4:10  Probe  
  46  4:18  Probe  
  46  4:21  Nexus  
  46  4:22  Probe  
  48  4:26  Pylon  
  48  4:31  Probe  
  48  4:34  Observer  
  48  4:36  Stalker x2  
  54  4:41  Pylon  
  54  4:44  Probe  
  54  4:45  Probe  
  56  4:46  Assimilator  
  56  4:56  Probe, Observer  
  56  4:57  Probe  
  59  5:00  Stalker x2  
  59  5:05  Pylon  
  63  5:08  Probe  
  63  5:09  Probe  
  63  5:11  Charge  
  65  5:18  Observer  
  65  5:20  Probe  
  65  5:21  Probe  
  68  5:24  Stalker  
  68  5:25  Stalker  
  68  5:27  Shield Battery  
  72  5:33  Probe x2  
  72  5:35  Probe  
  75  5:37  Immortal (Chrono Boost)  
  79  5:45  Probe  
  78  5:50  Stalker x2  
  78  5:52  Probe x2  
  78  5:54  Pylon  
  83  5:57  Probe  
  84  6:06  Immortal (Chrono Boost)  
  84  6:10  Probe x3  
  91  6:14  Stalker x2  
  95  6:22  Probe x3  
  95  6:23  Pylon  
  96  6:37  Warp Prism  
  96  6:39  Stalker x2  
  98  6:43  Forge  
  98  6:44  Probe x2, Forge  
  98  6:45  Probe  
  101  6:47  Assimilator  
  101  6:48  Assimilator  
  101  6:55  Pylon  
  101  6:56  Probe  
  101  7:00  Gateway  
  102  7:03  Gateway  
  102  7:04  Stalker x2  
  102  7:06  Gateway  
  102  7:08  Gateway  
  105  7:11  Probe, Protoss Ground Weapons Level 1 (Chrono Boost), Protoss Ground Armor Level 1 (Chrono Boost)  
  106  7:16  Observer  
  107  7:23  Gateway  
  107  7:24  Gateway  
  107  7:25  Pylon, Templar Archives  
  107  7:34  Sentry, Zealot  
  111  7:38  Nexus  
  111  7:40  Psionic Storm  
  111  7:41  Probe x3  
  114  7:45  Pylon  
  114  7:54  Probe  
  114  7:55  Probe  
  116  7:58  Pylon  
  116  8:02  High Templar x4  
  116  8:05  Gateway  
  124  8:06  Gateway  
  124  8:07  Zealot  
  124  8:09  Zealot  
  124  8:10  Probe x3  
  131  8:23  Pylon  
  131  8:25  Photon Cannon, Shield Battery  
  131  8:31  Pylon, Stalker x3  
  136  8:40  Zealot x2  
  140  8:43  Probe x2  
  140  8:44  Probe, High Templar x2  
  147  8:50  Robotics Bay  
  147  8:53  Robotics Facility  
  146  9:05  Zealot  
  146  9:06  Zealot x7  
  162  9:16  Pylon  
  152  9:32  Archon  
  152  9:36  Zealot x7  
  152  9:37  Zealot x3  
  122  10:04  Archon  
  122  10:05  Stalker x10  

Tags
 
Add a new tag
Caveats
  • Supply blocks, unpowered buildings, or Contaminate may cause inaccurate times.
  • Supply counts are checked every 10 seconds.